AoeStats
← nazgulknight

Arabia

509116204Analyzed
1v1 RM · 7d ago on Sep 25, 2026· 19m 8s· 2 players
Game mode
Random Map
Map size
Tiny (2 player)
Population
200
Speed
Normal
Resources
Standard
Victory
Conquest
Starting age
Dark Age
Ending age
Imperial Age
RankedLock teamsTeams togetherTeam positionsShared explorationLock speedFull tech treeHidden civsTurbo modeCheats
Victory
Defeat
🇬🇷 Magyars · Greece
906
+16
🇺🇸 Vikings · United States
912
-42
nazgulknight
7:48 Loom
9:57 Feudal Age
13:43 Bloodlines
15:29 Scale Barding Armor
16:44 Double-Bit Axe
16:39 Horse Collar
18:31 Fletching
18:41 Padded Archer Armor
TristanQ1
14:29 Feudal Age
14:40 Man-at-Arms
Connection lost

Rejoining the realm…

Still unreachable

The connection could not be restored.

Session expired

The server has moved on; the page needs a fresh start.